TOP OF THE 1ST |
Williston Water Wolves batting - Pitching for Great Falls Voyagers : RHP Julian Polanco
|
Pitching: RHP Julian Polanco
|
|
Batting: RHB Gil Marquez
|
0-0: Called Strike 0-1: Ball 1-1: SINGLE (Groundball, 6MD, EV 100.0 MPH)
|
Batting: RHB Alexis Rendon
|
0-0: Called Strike 0-1: SINGLE (Groundball, 34, EV 103.1 MPH) (infield hit) Gil Marquez to second
|
Batting: RHB Pat Jelks
|
0-0: Foul Ball, location: 2F 0-1: Foul Ball, location: 2F 0-2: Ball 1-2: Foul Ball, location: 2F 1-2: Strikes out looking
|
Batting: RHB Tom Pagnozzi
|
0-0: Called Strike 0-1: Ball 1-1: Ball 2-1: Foul Ball, location: 2F 2-2: Foul Ball, location: 2F 2-2: Ball 3-2: Foul Ball, location: 2F 3-2: Foul Ball, location: 2F 3-2: Fly out, F9 (Line Drive, 9, EV 86.3 MPH)
|
Batting: SHB Devon White
|
0-0: SINGLE (Line Drive, 89S, EV 92.5 MPH) Gil Marquez to third Alexis Rendon to second Runner from 3rd tries for Home, SAFE, throw by RF to home
|
Batting: RHB Paul Noce
|
0-0: Called Strike 0-1: Called Strike 0-2: Ball 1-2: SINGLE (Groundball, 6D, EV 106.3 MPH) Alexis Rendon to third Devon White to second Runner from 3rd tries for Home, SAFE, throw by CF to home
|
Batting: LHB John Mitchell
|
0-0: Called Strike 0-1: SINGLE (Groundball, 25, EV 65.0 MPH) (infield hit) Devon White to third Paul Noce to second
|
Batting: RHB Robby Thompson
|
0-0: Ball 1-0: Called Strike 1-1: Ball 2-1: Called Strike 2-2: Ball 3-2: Strikes out swinging
|
Top of the 1st over - 2 runs, 5 hits, 0 errors, 3 left on base; Williston 2 - Great Falls 0 |
BOTTOM OF THE 1ST |
Great Falls Voyagers batting - Pitching for Williston Water Wolves : RHP Mike Warren
|
Pitching: RHP Mike Warren
|
|
Batting: LHB Jose Fernandez
|
0-0: Ball 1-0: Ground out U3 (Groundball, 3, EV 90.6 MPH)
|
Batting: LHB Juan Villaescusa
|
0-0: Ball 1-0: Ball 2-0: Called Strike 2-1: Swinging Strike 2-2: Strikes out swinging wild pitch, reaches first!
|
Batting: RHB Johnny Paredes
|
0-0: Ball 1-0: Ball 2-0: Called Strike 2-1: Fly out, F8 (Flyball, 89M, EV 85.0 MPH)
|
Batting: RHB Jose Gomez
|
0-0: Ball 1-0: Ball 2-0: Fly out, F9 (Flyball, 9S, EV 81.3 MPH)
|
Bottom of the 1st over - 0 runs, 0 hits, 0 errors, 1 left on base; Williston 2 - Great Falls 0 |
TOP OF THE 2ND |
Williston Water Wolves batting - Pitching for Great Falls Voyagers : RHP Julian Polanco
|
Batting: RHB Mark Kaeterle
|
0-0: Ball 1-0: Ground out 4-3 (Groundball, 4, EV 106.3 MPH)
|
Batting: RHB Gil Marquez
|
0-0: Called Strike 0-1: Fly out, F8 (Line Drive, 8RM, EV 93.1 MPH)
|
Batting: RHB Alexis Rendon
|
0-0: Ball 1-0: Foul Ball, location: 2LF, Error on foul ball, E2 1-1: Ball 2-1: Foul Ball, location: 2F 2-2: Ground out 6-3 (Groundball, 6, EV 108.1 MPH)
|
Top of the 2nd over - 0 runs, 0 hits, 1 error, 0 left on base; Williston 2 - Great Falls 0 |
BOTTOM OF THE 2ND |
Great Falls Voyagers batting - Pitching for Williston Water Wolves : RHP Mike Warren
|
Batting: SHB John Kanter
|
0-0: Called Strike 0-1: Foul Ball, location: 2F 0-2: Foul Ball, location: 2F 0-2: Ball 1-2: Fly out, F8 (Line Drive, 8RM, EV 88.1 MPH)
|
Batting: SHB Gerald Young
|
0-0: Ball 1-0: Called Strike 1-1: Ball 2-1: Swinging Strike 2-2: Foul Ball, location: 2F 2-2: Ball 3-2: Foul Ball, location: 2F 3-2: Base on Balls
|
Batting: LHB John Yari
|
0-0: Ball 1-0: Ball 2-0: Reached on error, E1 (Groundball, 15S, EV 65.0 MPH) Gerald Young to second
|
Batting: RHB Anthony Notaroberto
|
0-0: Called Strike 0-1: Called Strike John Yari steals 2nd base Gerald Young steals 3rd base 0-2: Ground out 5-3 (Groundball, 56, EV 99.4 MPH) Gerald Young scores
|
Batting: RHB Harvey Wilkerson
|
0-0: Swinging Strike 0-1: Ball Wild Pitch! John Yari to third 1-1: Ball 2-1: Foul Ball, location: 2F 2-2: Ball 3-2: SINGLE (Line Drive, 8RS, EV 86.9 MPH) John Yari scores
|
Batting: LHB Jose Fernandez
|
0-0: Ball 1-0: Ball 2-0: Ball 3-0: Base on Balls Harvey Wilkerson to second
|
Batting: LHB Juan Villaescusa
|
0-0: Fielders Choice at 2nd, 5-4 (Groundball, 56, EV 98.8 MPH)
|
Bottom of the 2nd over - 2 runs, 1 hit, 1 error, 2 left on base; Williston 2 - Great Falls 2 |
TOP OF THE 3RD |
Williston Water Wolves batting - Pitching for Great Falls Voyagers : RHP Julian Polanco
|
Batting: RHB Pat Jelks
|
0-0: Ball 1-0: Called Strike 1-1: Ball 2-1: Called Strike 2-2: SINGLE (Groundball, 34D, EV 101.9 MPH)
|
Batting: RHB Tom Pagnozzi
|
0-0: Swinging Strike 0-1: Ball 1-1: Ball 2-1: Foul Ball, location: 2F 2-2: Strikes out swinging
|
Batting: SHB Devon White
|
0-0: Ball 1-0: Called Strike 1-1: Fly out, F8 (Flyball, 8LXD, EV 85.0 MPH)
|
Batting: RHB Paul Noce
|
0-0: Called Strike 0-1: SINGLE (Groundball, 6S, EV 68.1 MPH) (infield hit) Pat Jelks to second
|
Batting: LHB John Mitchell
|
0-0: Ball 1-0: Foul Ball, location: 2F 1-1: Ball 2-1: Ground out 1-3 (Groundball, 15S, EV 72.5 MPH)
|
Top of the 3rd over - 0 runs, 2 hits, 0 errors, 2 left on base; Williston 2 - Great Falls 2 |
BOTTOM OF THE 3RD |
Great Falls Voyagers batting - Pitching for Williston Water Wolves : RHP Mike Warren
|
Batting: RHB Johnny Paredes
|
0-0: Ball 1-0: Foul Ball, location: 2F 1-1: Foul Ball, location: 2F 1-2: Ball 2-2: Strikes out looking
|
Batting: RHB Jose Gomez
|
0-0: Ball 1-0: Ball 2-0: Ball 3-0: Called Strike 3-1: Base on Balls
|
Batting: SHB John Kanter
|
0-0: Called Strike 0-1: Ball 1-1: Ball 2-1: Grounds into double play, 5-4-3 (Groundball, 56, EV 88.1 MPH)
|
Bottom of the 3rd over - 0 runs, 0 hits, 0 errors, 0 left on base; Williston 2 - Great Falls 2 |
TOP OF THE 4TH |
Williston Water Wolves batting - Pitching for Great Falls Voyagers : RHP Julian Polanco
|
Batting: RHB Robby Thompson
|
0-0: Ball 1-0: Ball 2-0: Ball 3-0: Called Strike 3-1: Base on Balls
|
Batting: RHB Mark Kaeterle
|
0-0: Ball 1-0: Called Strike 1-1: Foul Ball, location: 2F 1-2: Foul Ball, location: 2F 1-2: Strikes out swinging
|
Batting: RHB Gil Marquez
|
0-0: Grounds into double play, 4-6-3 (Groundball, 4, EV 79.4 MPH)
|
Top of the 4th over - 0 runs, 0 hits, 0 errors, 0 left on base; Williston 2 - Great Falls 2 |
BOTTOM OF THE 4TH |
Great Falls Voyagers batting - Pitching for Williston Water Wolves : RHP Mike Warren
|
Batting: SHB Gerald Young
|
0-0: Ball 1-0: Ball 2-0: Fly out, F9 (Flyball, 9LS, EV 89.4 MPH)
|
Batting: LHB John Yari
|
0-0: Swinging Strike 0-1: Called Strike 0-2: Foul Ball, location: 2F 0-2: Ball 1-2: Strikes out looking
|
Batting: RHB Anthony Notaroberto
|
0-0: Called Strike 0-1: Foul Ball, location: 2F 0-2: SINGLE (Groundball, 56S, EV 65.6 MPH) (infield hit)
|
Batting: RHB Harvey Wilkerson
|
0-0: Ball 1-0: Called Strike 1-1: Ball 2-1: Foul Ball, location: 2F 2-2: Ground out 1-3 (Groundball, 13S, EV 55.6 MPH)
|
Bottom of the 4th over - 0 runs, 1 hit, 0 errors, 1 left on base; Williston 2 - Great Falls 2 |
TOP OF THE 5TH |
Williston Water Wolves batting - Pitching for Great Falls Voyagers : RHP Julian Polanco
|
Batting: RHB Alexis Rendon
|
0-0: Called Strike 0-1: Ball 1-1: Foul Ball, location: 2F 1-2: Fly out, F5 (Line Drive, 5, EV 68.1 MPH)
|
Batting: RHB Pat Jelks
|
0-0: Called Strike 0-1: Ball 1-1: Called Strike 1-2: SINGLE (Flyball, 5D, EV 86.9 MPH)
|
Batting: RHB Tom Pagnozzi
|
0-0: Ball 1-0: SINGLE (Flyball, 6MD, EV 96.9 MPH) Pat Jelks to second
|
Batting: SHB Devon White
|
0-0: Ball 1-0: Fielders Choice at 2nd, 6-4 (Groundball, 56, EV 88.1 MPH) Pat Jelks to third
|
Batting: RHB Paul Noce
|
0-0: Called Strike Devon White steals 2nd base 0-1: Called Strike 0-2: Ball 1-2: Foul Ball, location: 2F 1-2: Ball 2-2: SINGLE (Line Drive, 89M, EV 105.6 MPH) Pat Jelks scores Devon White to third Runner from 3rd tries for Home, SAFE, throw by RF to home
|
Batting: LHB John Mitchell
|
0-0: Called Strike 0-1: TRIPLE (Line Drive, 8LXD, EV 106.9 MPH) Paul Noce scores
|
Batting: RHB Robby Thompson
|
0-0: Ball 1-0: Ball 2-0: DOUBLE (Flyball, 8LXD, EV 98.8 MPH) John Mitchell scores
|
Batting: RHB Mark Kaeterle
|
0-0: Fly out, F9 (Flyball, 9, EV 70.6 MPH)
|
Top of the 5th over - 4 runs, 5 hits, 0 errors, 1 left on base; Williston 6 - Great Falls 2 |
BOTTOM OF THE 5TH |
Great Falls Voyagers batting - Pitching for Williston Water Wolves : RHP Mike Warren
|
Batting: LHB Jose Fernandez
|
0-0: Ball 1-0: Called Strike 1-1: Swinging Strike 1-2: Ball 2-2: Ground out U3 (Groundball, 3L, EV 105.6 MPH)
|
Batting: LHB Juan Villaescusa
|
0-0: Ball 1-0: Called Strike 1-1: Fly out, F8 (Flyball, 78D, EV 76.3 MPH)
|
Batting: RHB Johnny Paredes
|
0-0: Ball 1-0: SINGLE (Groundball, 6S, EV 71.9 MPH) (infield hit)
|
Batting: RHB Jose Gomez
|
0-0: Swinging Strike 0-1: Swinging Strike 0-2: Ball 1-2: Strikes out swinging
|
Bottom of the 5th over - 0 runs, 1 hit, 0 errors, 1 left on base; Williston 6 - Great Falls 2 |
TOP OF THE 6TH |
Williston Water Wolves batting - Pitching for Great Falls Voyagers : RHP Julian Polanco
|
Batting: RHB Gil Marquez
|
0-0: Ball 1-0: Swinging Strike 1-1: Swinging Strike 1-2: Foul Ball, location: 2F 1-2: Strikes out swinging
|
Pitching: RHP Libardo Villalba
|
|
Batting: RHB Alexis Rendon
|
0-0: Ball 1-0: Ball 2-0: Called Strike 2-1: Foul Ball, location: 2F 2-2: Ground out 5-3 (Groundball, 56S, EV 80.0 MPH)
|
Batting: RHB Pat Jelks
|
0-0: Ball 1-0: Ball 2-0: SINGLE (Flyball, 8RS, EV 96.9 MPH)
|
Batting: RHB Tom Pagnozzi
|
0-0: Ball 1-0: Ball 2-0: Ground out U3 (Groundball, 34, EV 86.3 MPH)
|
Top of the 6th over - 0 runs, 1 hit, 0 errors, 1 left on base; Williston 6 - Great Falls 2 |
BOTTOM OF THE 6TH |
Great Falls Voyagers batting - Pitching for Williston Water Wolves : RHP Mike Warren
|
Batting: SHB John Kanter
|
0-0: Ball 1-0: Ball 2-0: Ball 3-0: Base on Balls
|
Batting: SHB Gerald Young
|
0-0: Called Strike 0-1: Ball 1-1: SINGLE (Line Drive, 5D, EV 106.3 MPH) John Kanter to second
|
Batting: LHB John Yari
|
0-0: Ball 1-0: Ball 2-0: Called Strike 2-1: Fielders Choice at 2nd, 5-4 (Groundball, 56, EV 80.0 MPH) John Kanter to third
|
Batting: RHB Anthony Notaroberto
|
0-0: Ball 1-0: Ball 2-0: Ball 3-0: Called Strike 3-1: Called Strike 3-2: Strikes out looking
|
Batting: RHB Harvey Wilkerson
|
0-0: Foul Ball, location: 2F 0-1: Foul Ball, location: 2F 0-2: Foul Ball, location: 2F 0-2: Ball 1-2: Ground out U3 (Groundball, 34S, EV 70.6 MPH)
|
Bottom of the 6th over - 0 runs, 1 hit, 0 errors, 2 left on base; Williston 6 - Great Falls 2 |
TOP OF THE 7TH |
Williston Water Wolves batting - Pitching for Great Falls Voyagers : RHP Libardo Villalba
|
Batting: SHB Devon White
|
0-0: Ball 1-0: Ball 2-0: Foul Ball, location: 2F 2-1: Foul Ball, location: 2F 2-2: Foul Ball, location: 2F 2-2: Fly out, F8 (Flyball, 78D, EV 93.8 MPH)
|
Batting: RHB Paul Noce
|
0-0: Fly out, F4 (Popup, 23, EV 95.0 MPH)
|
Batting: LHB John Mitchell
|
0-0: Ball 1-0: Ball 2-0: Ball 3-0: Swinging Strike 3-1: Called Strike 3-2: Foul Ball, location: 2F 3-2: SINGLE (Groundball, 34S, EV 69.4 MPH) (infield hit)
|
Batting: RHB Robby Thompson
|
0-0: Foul Ball, location: 2F 0-1: Swinging Strike 0-2: SINGLE (Groundball, 5S, EV 67.5 MPH) (infield hit) John Mitchell to second
|
Batting: RHB Mark Kaeterle
|
Pickoff Throw to Second - Error! E1 John Mitchell to third Robby Thompson to second 0-0: Ball 1-0: Called Strike 1-1: Foul Ball, location: 2F 1-2: Strikes out swinging
|
Top of the 7th over - 0 runs, 2 hits, 1 error, 2 left on base; Williston 6 - Great Falls 2 |
BOTTOM OF THE 7TH |
Great Falls Voyagers batting - Pitching for Williston Water Wolves : RHP Mike Warren
|
Batting: LHB Jose Fernandez
|
0-0: Ball 1-0: Foul Ball, location: 2F 1-1: Swinging Strike 1-2: Fly out, F7 (Flyball, 78D, EV 96.9 MPH)
|
Batting: LHB Juan Villaescusa
|
0-0: Foul Ball, location: 2F 0-1: Foul Ball, location: 2F 0-2: Ball 1-2: Ground out 4-3 (Groundball, 4, EV 75.6 MPH)
|
Batting: RHB Johnny Paredes
|
0-0: Swinging Strike 0-1: Ball 1-1: Swinging Strike 1-2: Ground out 2-3 (Groundball, 15S, EV 69.4 MPH)
|
Bottom of the 7th over - 0 runs, 0 hits, 0 errors, 0 left on base; Williston 6 - Great Falls 2 |
TOP OF THE 8TH |
Williston Water Wolves batting - Pitching for Great Falls Voyagers : RHP Libardo Villalba
|
Batting: RHB Gil Marquez
|
0-0: Called Strike 0-1: Foul Ball, location: 2F 0-2: Ball 1-2: Ball 2-2: Ground out 5-3 (Groundball, 56, EV 100.0 MPH)
|
Batting: RHB Alexis Rendon
|
0-0: Ball 1-0: SINGLE (Flyball, 89S, EV 94.4 MPH)
|
Batting: RHB Pat Jelks
|
0-0: Grounds into double play, 4-6-3 (Groundball, 34, EV 86.3 MPH)
|
Top of the 8th over - 0 runs, 1 hit, 0 errors, 0 left on base; Williston 6 - Great Falls 2 |
BOTTOM OF THE 8TH |
Great Falls Voyagers batting - Pitching for Williston Water Wolves : RHP Mike Warren
|
Batting: RHB Jose Gomez
|
0-0: Called Strike 0-1: Foul Ball, location: 2F 0-2: SINGLE (Groundball, 56D, EV 103.8 MPH)
|
Batting: SHB John Kanter
|
0-0: Ball 1-0: Swinging Strike 1-1: Swinging Strike 1-2: Strikes out swinging
|
Pitching: RHP Gary Wayne
|
|
Batting: SHB Gerald Young
|
0-0: DOUBLE (Flyball, 78D, EV 102.5 MPH) Jose Gomez to third
|
Batting: LHB John Yari
|
0-0: Foul Ball, location: 2F 0-1: Foul Ball, location: 2F 0-2: Ball 1-2: Strikes out swinging
|
Batting: RHB Anthony Notaroberto
|
0-0: Ball 1-0: Called Strike 1-1: Ball 2-1: Foul Ball, location: 2F 2-2: Strikes out swinging
|
Bottom of the 8th over - 0 runs, 2 hits, 0 errors, 2 left on base; Williston 6 - Great Falls 2 |
TOP OF THE 9TH |
Williston Water Wolves batting - Pitching for Great Falls Voyagers : RHP Libardo Villalba
|
Batting: RHB Tom Pagnozzi
|
0-0: Called Strike 0-1: Ball 1-1: Called Strike 1-2: SINGLE (Groundball, 5, EV 101.3 MPH)
|
Batting: SHB Devon White
|
0-0: Ball 1-0: Ball 2-0: Ball 3-0: Called Strike 3-1: Fly out, F8 (Flyball, 8LS, EV 88.8 MPH)
|
Pitching: RHP Donald Fenton
|
|
Batting: RHB Paul Noce
|
0-0: Foul Ball, location: 2F 0-1: Swinging Strike 0-2: Foul Ball, location: 2F 0-2: Foul Ball, location: 2F 0-2: Ball 1-2: Strikes out swinging
|
Batting: LHB John Mitchell
|
0-0: Ball 1-0: Ball 2-0: Ball 3-0: Base on Balls Tom Pagnozzi to second
|
Batting: RHB Robby Thompson
|
0-0: Swinging Strike 0-1: Swinging Strike 0-2: Strikes out swinging
|
Top of the 9th over - 0 runs, 1 hit, 0 errors, 2 left on base; Williston 6 - Great Falls 2 |
BOTTOM OF THE 9TH |
Great Falls Voyagers batting - Pitching for Williston Water Wolves : RHP Gary Wayne
|
Batting: RHB Harvey Wilkerson
|
0-0: SINGLE (Groundball, 4MD, EV 97.5 MPH)
|
Batting: LHB Jose Fernandez
|
0-0: Ball 1-0: Fielders Choice at 2nd, 3-6 (Groundball, 34, EV 104.4 MPH)
|
Batting: LHB Juan Villaescusa
|
0-0: SINGLE (Groundball, 3S, EV 70.0 MPH) (infield hit) Jose Fernandez to second
|
Batting: RHB Johnny Paredes
|
0-0: Foul Ball, location: 2F 0-1: SINGLE (Line Drive, 34D, EV 99.4 MPH) Jose Fernandez to third Juan Villaescusa to second
|
Pitching: RHP Jeff Montgomery
|
|
Pinch Hitting: LHB Jim O'Dell
|
0-0: Grounds into double play, 6-4-3 (Groundball, 6, EV 101.3 MPH)
|
Bottom of the 9th over - 0 runs, 3 hits, 0 errors, 2 left on base; Williston 6 - Great Falls 2 |
|